 Dungeon Crawl Stone Soup version 0.20.1-1-g8b1a95d (webtiles) character file.

95 Minstaer the Skirmisher (level 4, 41/41 HPs)
             Began as a Minotaur Berserker on Nov 3, 2017.
             Was a Believer of Trog.
             Quit the game on level 3 of the Dungeon.
             The game lasted 00:05:27 (1849 turns).

Minstaer the Skirmisher (Minotaur Berserker)        Turns: 1849, Time: 00:05:28

Health: 41/41      AC:  5    Str: 22    XL:     4   Next: 39%
Magic:  3/3        EV: 11    Int:  4    God:    Trog [**....]
Gold:   154        SH:  0    Dex: 10    Spells: 3/3 levels left

rFire    . . .     SeeInvis .   a - +0 hand axe
rCold    . . .     Gourm    .   (no shield)
rNeg     . . .     Faith    .   B - +0 ring mail
rPois    .         Spirit   .   (helmet restricted)
rElec    .         Reflect  .   (no cloak)
rCorr    .         Harm     .   (no gloves)
MR       .....                  (no boots)
Stlth    +.........             (no amulet)
Regen    0.2/turn               (no ring)
MPRegen  0.1/turn               (no ring)

@: no status effects
A: retaliatory headbutt, horns 2
a: Berserk, Trog's Hand, Burn Spellbooks, Renounce Religion


You were on level 3 of the Dungeon.
You worshipped Trog.
Trog was pleased with you.
You were not hungry.

You visited 1 branch of the dungeon, and saw 3 of its levels.

You collected 154 gold pieces.

Inventory:

Hand Weapons
 a - a +0 hand axe (weapon)
Missiles
 f - 60 sling bullets
 k - 31 bolts
 n - 78 stones (quivered)
 s - 73 arrows
Armour
 b - a +0 animal skin
 B - a +0 ring mail (worn)
Jewellery
 j - an uncursed ring of ice {unknown}
 l - an uncursed amulet of harm {unknown}
Scrolls
 h - a scroll of fog {unknown}
 m - a scroll of amnesia {unknown}
 r - 3 scrolls of remove curse {unknown}
 t - 2 scrolls of identify {unknown}
 u - a scroll of fear {unknown}
 v - a scroll of enchant weapon {unknown}
 w - a scroll of immolation {unknown}
 y - a scroll of recharging {unknown}
 A - a scroll of enchant armour {unknown}
 E - a scroll of teleportation {unknown}
Potions
 e - 2 potions of might {unknown}
 g - a potion of degeneration {unknown}
 i - a potion of heal wounds {unknown}
 o - a potion of curing {unknown}
 p - a potion of agility {unknown}
 q - 2 potions of flight {unknown}
 x - 3 potions of cancellation {unknown}
 C - a potion of mutation {unknown}
Comestibles
 c - 2 bread rations
 d - 3 fruits
 z - 6 chunks of flesh
 D - a meat ration


   Skills:
 + Level 4.8 Fighting
 + Level 4.6 Axes
 + Level 2.8 Armour
 + Level 2.7 Dodging
 + Level 0.6 Stealth


You had 3 spell levels left.
You didn't know any spells.

Dungeon Overview and Level Annotations

Branches:
Dungeon (3/15)

Altars:
Zin


Innate Abilities, Weirdness & Mutations

You reflexively headbutt those who attack you in melee.
You have a pair of horns on your head.


Message History

You butcher the goblin corpse.
z - 2 chunks of flesh (gained 1);
z - 5 chunks of flesh (gained 3)
Things that are here:
a dagger; a goblin skeleton
s - 73 arrows (gained 13) HP restored.
x - 3 fizzy dark potions (gained 1)
A bat comes into view.
The bat moves out of view.
The bat barely misses you. You furiously retaliate!
You headbutt the bat.
You kill the bat!
Trog accepts your kill.
You see here a bat corpse.
You butcher the bat corpse.
z - 6 chunks of flesh (gained 1)
You see here a bat skeleton.
Found a dagger.
You now have 154 gold pieces (gained 13).
Found a stone staircase leading down.
Are you sure you want to abandon this character and quit the game? (Confirm with "yes".)

#. > .###
... ..#
#?###.#
#.....# #@##
#..# #..#
#..# #..#
#..# ###
#..# ...#..#
#.#..####)##


There were no monsters in sight!

Vanquished Creatures
  Natasha (D:2)
  3 adders
  3 leopard geckos (D:2)
  6 bats
  A giant cockroach (D:1)
  4 goblins
  4 hobgoblins
  4 kobolds
  A quokka (D:3)
  6 frilled lizards
  10 rats
43 creatures vanquished.

Notes
Turn   | Place    | Note
-------+----------+-------------------------------------------
     0 | D:1      | Minstaer the Minotaur Berserker began the quest for the Orb.
     0 | D:1      | Reached XP level 1. HP: 19/19 MP: 0/0
   245 | D:1      | Reached XP level 2. HP: 27/27 MP: 1/1
   696 | D:2      | Noticed Natasha
   961 | D:2      | Killed Natasha
   961 | D:2      | Reached XP level 3. HP: 16/34 MP: 2/2
  1429 | D:2      | Reached ** piety under Trog
  1573 | D:2      | Reached XP level 4. HP: 39/41 MP: 3/3
  1599 | D:2      | Found a glowing silver altar of Zin.
  1849 | D:3      | Quit the game

Skill      XL: |  1  2 |
---------------+-------+-----
Axes           | 4 |  4.6
Fighting       | 4 |  4.8
Armour         | |  2.8
Dodging        | |  2.7
Stealth        | |  0.6

Action                   |  1- 3 |  4- 6 || total
-------------------------+-------+-------++-------
Melee: Hand axe          |    53 |    21 ||    74
       Headbutt          |     6 |     2 ||     8
 Stab: Sleeping          |     2 |       ||     2
  Eat: Chunk             |     2 |     1 ||     3
Armor: Animal skin       |     8 |       ||     8
       Ring mail         |     3 |     6 ||     9
Dodge: Dodged            |    37 |     7 ||    44
